 Dungeon Crawl Stone Soup version 0.24.0-1-gfbc8707 (webtiles) character file.

Game seed: 16636153776130584890, levelgen mode: deterministic

254 btown024 the Grave Robber (level 5, -10/33 HPs)
             Began as a Mummy Necromancer on Oct 26, 2019.
             Was an Initiate of Hepliaklqana.
             Mangled by Pikel
             ... wielding a +2 whip of electrocution
              (17 damage)
             ... on level 3 of the Dungeon.
             The game lasted 00:08:21 (5968 turns).

btown024 the Grave Robber (Mummy Necromancer)       Turns: 5968, Time: 00:08:21

Health: -10/33     AC:  3    Str: 12    XL:     5   Next: 90%
Magic:  12/12      EV: 12    Int: 15    God:    Hepliaklqana [......]
Gold:   140        SH:  0    Dex: 12    Spells: 9/13 levels left

rFire    x . .     SeeInvis +   r - +0 spear
rCold    + . .     Gourm    .   (no shield)
rNeg     + + +     Faith    .   a - +0 robe
rPois    ∞         Spirit   .   (no helmet)
rElec    .         Reflect  .   (no cloak)
rCorr    .         Harm     .   (no gloves)
MR       .....                  u - +0 pair of boots
Stlth    ++........             (no amulet)
HPRegen  0.11/turn              d - ring of wizardry
MPRegen  0.13/turn              f - ring of see invisible

@: no status effects
A: no food or potions, fire vulnerability, reduced essence, cold resistance 1,
negative energy resistance 3, torment resistance, unbreathing
a: Recall Ancestor, Ancestor Identity, Renounce Religion


You were on level 3 of the Dungeon.
You worshipped Hepliaklqana.
Hepliaklqana was noncommittal.
You were not hungry.

You visited 1 branch of the dungeon, and saw 4 of its levels.

You collected 140 gold pieces.

Inventory:

Hand Weapons
 l - a +0 hunting sling
 r - a +0 spear (weapon)
Missiles
 m - 72 stones (quivered)
 n - 41 sling bullets
Armour
 a - a +0 robe (worn)
 u - a +0 pair of boots (worn)
Jewellery
 d - a ring of wizardry (left hand)
 f - a ring of see invisible (right hand)
 i - an uncursed ring of ice
 t - an uncursed ring of flight
Wands
 j - a wand of acid (11)
 p - a wand of disintegration (22)
 s - a wand of paralysis (6)
Scrolls
 b - a scroll of magic mapping {unknown}
 c - 5 scrolls of identify {unknown}
 e - 3 scrolls of blinking {unknown}
 g - 3 scrolls of amnesia {unknown}
 h - 2 scrolls of fear {unknown}
 k - 2 scrolls of random uselessness {unknown}
 o - a scroll of fog {unknown}
 q - a scroll of enchant weapon {unknown}


   Skills:
 + Level 1.0 Fighting
 - Level 1.5 Dodging
 - Level 1.5 Stealth
 + Level 4.7 Spellcasting
 * Level 6.2 Necromancy


You had 9 spell levels left.
You knew the following spells:

 Your Spells              Type           Power        Failure   Level  Hunger
a - Pain                  Necr           ###.         1%          1    N/A
b - Vampiric Draining     Necr           ###.......   1%          3    N/A

Your spell library contained the following spells:

 Spells                   Type           Power        Failure   Level  Hunger
 Animate Skeleton         Necr           N/A          1%          1    N/A
 Animate Dead             Necr           N/A          5%          4    N/A
 Regeneration             Chrm/Necr      Unusable     N/A         3    N/A

Dungeon Overview and Level Annotations

Branches:
Dungeon (4/15)
 Temple: D:4-7

Altars:
Hepliaklqana
Xom

Annotations:
D:3 Pikel


Innate Abilities, Weirdness & Mutations

You do not eat or drink.
Your flesh is vulnerable to fire.
You are immune to poison.
Your flesh is cold resistant. (rC+)
You are immune to negative energy. (rN+++)
You are immune to unholy pain and torment.
You can survive without breathing.
Your life essence is reduced to manifest your ancestor. (-10% HP)


Message History

Ammiditana hits Pikel.
Pikel hits you with a +2 whip of electrocution!
You are electrocuted!
* * * LOW HITPOINT WARNING * * *
You climb upwards.
There is a stone staircase leading down here.
Unknown command.
Unknown command.
You swap places.
Ammiditana hits Pikel.
Ammiditana closely misses Pikel.
Ammiditana misses Pikel.
Press: ? - help, v - describe, . - travel
Here: Pikel, wielding a +2 whip of electrocution and wearing a +0 robe (lightly wounded)
The floor.
Unknown command.
Pikel checks his coin pouch and frowns.
Pikel says, "I just want to get paid!"
Pikel hits you but does no damage.
You are electrocuted!
Ouch! That really hurt!
You die...

...# #..........#
#..... ...#
#..........# #.####
...# #..........#
#.# ####
#.....R....####.####
###.######.#........
#R# #.#........ #.#
#R#........ #K#
###.#........
#@####...#........
#....'............
######...#........
#######..>'........
#......)..#........
#.........#########
#.........#
#.........#
#.........#


You could see the friendly Ammiditana the ancestor and Pikel.

Vanquished Creatures
  3 slaves
  An iguana (D:3)
  7 gnolls
  An adder (D:2)
  2 worms (D:3)
  3 dart slugs
  5 leopard geckos
  3 orcs (D:3)
  5 giant cockroaches
  10 hobgoblins
  4 quokkas
  A ball python (D:3)
  8 bats
  4 frilled lizards
  11 goblins
  8 kobolds
  9 rats
85 creatures vanquished.

Vanquished Creatures (collateral kills)
  A slave (D:2)
  An orc priest (D:3)
  A gnoll (D:3)
  An adder (D:4)
  An orc (D:3)
  A goblin (D:3)
6 creatures vanquished.

Vanquished Creatures (others)
  5 ancestors
5 creatures vanquished.

Grand Total: 96 creatures vanquished

Notes
Turn   | Place    | Note
-------+----------+-------------------------------------------
     0 | D:1      | btown024 the Mummy Necromancer began the quest for the Orb.
     0 | D:1      | Reached XP level 1. HP: 13/13 MP: 4/4
   514 | D:1      | Reached XP level 2. HP: 18/19 MP: 4/6
  1031 | D:1      | Reached XP level 3. HP: 23/24 MP: 0/7
  1036 | D:1      | Learned a level 3 spell: Vampiric Draining
  1713 | D:2      | Reached skill level 5 in Necromancy
  2396 | D:1      | Reached XP level 4. HP: 14/30 MP: 5/9
  3436 | D:2      | Found a shimmering altar of Xom.
  3437 | D:2      | Found a hazy altar of Hepliaklqana.
  3438 | D:2      | Noticed a spectral ugly thing
  3450 | D:2      | Became a worshipper of Hepliaklqana the Forgotten
  3622 | D:3      | Found a faded altar of an unknown god.
  3991 | D:3      | Reached XP level 5. HP: 31/31 MP: 11/11
  4619 | D:3      | Reached skill level 6 in Necromancy
  5108 | D:4      | Noticed a slave
  5110 | D:4      | Noticed a slave
  5110 | D:4      | Noticed a slave
  5110 | D:4      | Noticed a slave
  5112 | D:4      | Noticed Pikel
  5122 | D:3      | Reached skill level 1 in Fighting
  5249 | D:2      | Killed a slave
  5466 | D:2      | Killed a slave
  5608 | D:3      | Killed a slave
  5804 | D:3      | Killed a slave
  5968 | D:3      | Mangled by Pikel

Levels and vault maps discovered:
D:1:      elethiomel_arrival_infinity_welcomes_careful_drivers, layout_basic,
          minmay_tromino_i2
D:2:      layout_loops_ring, regret_index_temple_of_mockery, first_ration,
          minmay_box_of_dots
D:3:      layout_basic, chequers_ecumenical_altar_simple
D:4:      layout_layer_cave, serial_rivers, chequers_serial_rivers_large_b,
          chequers_serial_rivers_marsh, chequers_serial_rivers_small_b,
          chequers_serial_rivers_marsh, gup_sewer_entry_pipe, uniq_pikel

Skill      XL: |  1  2  3  4  5 |
---------------+----------------+-----
Spellcasting   | 3 4 |  4.7
Necromancy     | 5 6 |  6.2
Fighting       | 1 |  1.0
Dodging        | |  1.5
Stealth        | |  1.5

Action                   |  1- 3 |  4- 6 || total
-------------------------+-------+-------++-------
Melee: Unarmed           |    97 |    16 ||   113
       Spear             |       |    75 ||    75
 Fire: Hunting sling     |       |    90 ||    90
 Cast: Pain              |    45 |     6 ||    51
       Vampiric Draining |     6 |    30 ||    36
Invok: Recall Ancestor   |       |     2 ||     2
 Stab: Sleeping          |     2 |       ||     2
Armor: Robe              |    35 |    19 ||    54
Dodge: Dodged            |    74 |   106 ||   180
